AoeStats
← A Casa Gordito

Nomad

509765394Analyzed
4v4 RM · 5d ago on Sep 27, 2026· 37m 48s· 8 players
Game mode
Random Map
Map size
231×231
Population
200
Speed
Normal
Resources
Standard
Victory
Conquest
Starting age
Dark Age
Ending age
Imperial Age
RankedLock teamsTeams togetherTeam positionsShared explorationLock speedFull tech treeHidden civsTurbo modeCheats
Victory
Defeat
🇦🇷 Mongols · Argentina
1132
+14
🇦🇷 Persians · Argentina
1130
+14
🇦🇷 Wu · Argentina
1119
+14
🇦🇷 Dravidians · Argentina
961
+20
🇨🇱 Portuguese · Chile
1128
-18
🇨🇱 Italians · Chile
1114
-17
🇺🇾 Franks · Uruguay
1067
-15
🇺🇾 Vietnamese · Uruguay
999
-12
Calcetin
10:31 Loom
14:22 Feudal Age
19:11 Castle Age
A Casa Gordito
16:31 Feudal Age
22:30 Castle Age
28:28 Loom
29:18 Wheelbarrow
28:40 Gold Mining
28:42 Stone Mining
EL PAJA
6:36 Loom
14:47 Feudal Age
19:22 Fletching
27:17 Castle Age
26:27 Fishing Lines
28:38 Medium Warships
28:25 Gillnets
31:48 Double-Bit Axe
33:19 Wheelbarrow
35:24 Imperial Age
33:21 Forging
Danubio Futbol Club
7:45 Loom
15:05 Feudal Age
19:26 Castle Age
19:34 Fletching
20:52 Bodkin Arrow
20:50 Fishing Lines
24:59 Ballistics
24:36 Town Watch
28:13 Padded Archer Armor
30:05 Leather Archer Armor
33:04 Imperial Age
33:52 Bracer
34:55 Chemistry
34:02 Gillnets
35:06 Wheelbarrow
35:09 Ring Archer Armor
37:37 Forging
37:27 Scale Mail Armor
Krgoso
10:40 Loom
12:58 Feudal Age
13:49 Double-Bit Axe
14:35 Gold Mining
18:12 Fletching
20:40 Forging
23:48 Castle Age
22:53 Stone Mining
24:48 Medium Warships
25:18 Iron Casting
25:12 Bow Saw
28:08 Wheelbarrow
31:53 Stone Shaft Mining
32:16 Scale Barding Armor
32:50 Bloodlines
32:57 Fishing Lines
34:41 Ballistics
34:31 Bodkin Arrow
34:45 Husbandry
36:33 Padded Archer Armor
BIG TUCA
11:30 Loom
14:09 Feudal Age
19:55 Castle Age
18:07 Stone Mining
18:15 Double-Bit Axe
19:27 Fletching
21:24 Gold Mining
26:47 Red Cliffs Tactics
27:10 Bow Saw
31:15 Padded Archer Armor
33:10 Medium Warships
33:38 Bodkin Arrow
tio huscarle
9:41 Loom
14:54 Feudal Age
17:03 Double-Bit Axe
21:25 Bloodlines
23:18 Castle Age
21:24 Scale Barding Armor
24:19 Horse Collar
25:51 Bow Saw
27:01 Chain Barding Armor
37:47 Wheelbarrow
37:58 Forging
ElMistik1042
5:38 Loom
14:10 Feudal Age
14:46 Fishing Lines
16:38 Double-Bit Axe
20:21 Wheelbarrow
21:06 Gold Mining
21:12 Stone Mining
21:33 Scale Barding Armor
21:39 Forging
21:24 Fletching
21:35 Padded Archer Armor
22:51 Horse Collar
26:23 Castle Age
24:37 Man-at-Arms
25:03 Arson
29:06 Town Watch
29:48 Husbandry
30:10 Chain Barding Armor
30:08 Medical Corps
33:04 Iron Casting
Connection lost

Rejoining the realm…

Still unreachable

The connection could not be restored.

Session expired

The server has moved on; the page needs a fresh start.